 Dungeon Crawl Stone Soup version 0.23-a0-558-g30802b1 (console) character file.

16279 Duffy the Cleaver (level 12, 0/109 (111) HPs)
             Began as a Naga Fighter on Dec 11, 2018.
             Was an Initiate of Gozag.
             Slain by a 14-headed hydra (9 damage)
             ... on level 1 of the Lair of Beasts.
             The game lasted 00:25:22 (15744 turns).

Duffy the Cleaver (Naga Fighter)                   Turns: 15744, Time: 00:25:23

HP:   0/109 (111)   AC: 24    Str: 23    XL:     12   Next: 35%
MP:   16/16         EV:  5    Int:  8    God:    Gozag
Gold: 896           SH: 12    Dex: 12    Spells: 11/11 levels left

rFire    + + .     SeeInvis +   a - +0 war axe
rCold    + . .     Gourm    .   E - +0 shield {rC+}
rNeg     + . .     Faith    .   I - +6 plate armour "Haocw" {rF+ Regen+}
rPois    +         Spirit   .   F - +1 helmet
rElec    .         Reflect  .   (no cloak)
rCorr    .         Harm     .   J - +2 pair of gloves
MR       +....                  (no barding)
Stlth    ..........             w - amulet of regeneration
HPRegen  1.08/turn              u - ring of protection from fire
MPRegen  0.15/turn              o - ring of positive energy

@: very slow
A: large, see invisible, deformed body, poison resistance, slowness 2, slow
metabolism 1, spit poison 1, AC +4
a: Spit Poison, Potion Petition, Call Merchant, Bribe Branch, Renounce Religion


You were on level 1 of the Lair of Beasts.
You worshipped Gozag.
Gozag was pleased with you.
You were not hungry.

You visited 4 branches of the dungeon, and saw 15 of its levels.
You also visited: Sewer.

You collected 3494 gold pieces.
You spent 708 gold pieces at shops.
You paid 1890 gold pieces to Gozag.

Inventory:

Hand Weapons
 a - a +0 war axe (weapon)
 z - a +4 scimitar of flaming
Armour
 E - a +0 shield of cold resistance (worn)
 F - a +1 helmet (worn)
 I - the +6 plate armour "Haocw" (worn) {rF+ Regen+}
   (You took it off an orc warrior on level 6 of the Dungeon)

   It protects you from fire.
   It increases your rate of regeneration.
 J - a +2 pair of gloves (worn)
Jewellery
 o - a ring of positive energy (right hand)
 r - an uncursed ring of protection from fire
 s - an uncursed ring of protection from cold
 u - a ring of protection from fire (left hand)
 w - an amulet of regeneration (around neck)
 G - an uncursed ring of flight
Wands
 i - a wand of iceblast (9)
 q - a wand of enslavement (7)
 t - a wand of clouds (8)
 D - a wand of flame (10)
Scrolls
 c - a scroll of fog
 k - 2 scrolls of remove curse
 l - 2 scrolls of immolation
 p - 7 scrolls of teleportation
 v - a scroll of enchant weapon
 y - 2 scrolls of blinking
 K - 2 scrolls of magic mapping
 L - 4 scrolls of identify
 M - a scroll of fear
Potions
 b - 8 potions of haste
 d - 3 potions of might
 e - 2 potions of lignification
 g - 3 potions of flight
 h - a potion of resistance
 j - 5 potions of brilliance
 m - 3 potions of curing
 n - a potion of berserk rage
 x - a potion of cancellation
 C - 2 potions of heal wounds
Comestibles
 f - 20 rations


   Skills:
 + Level 8.3 Fighting
 + Level 10.8 Axes
 + Level 8.2 Armour
 - Level 9.0 Shields
 - Level 6.0 Evocations


You had 11 spell levels left.
You didn't know any spells.
Your spell library was empty.

Dungeon Overview and Level Annotations

Branches:
Dungeon (11/15)            Temple (1/1) D:7            Lair (1/6) D:11
    Orc (2/2) D:9             Elf (0/3) Orc:2

Altars:
Ashenzari
Cheibriados
Dithmenos
Elyvilon
Fedhas
Gozag
Hepliaklqana
Kikubaaqudgha
Makhleb
Nemelex Xobeh
Okawaru
Qazlal
Ru
Sif Muna
Trog
Uskayaw
Vehumet
Wu Jian
Xom
Yredelemnul
Zin
The Shining One
Beogh

Shops:
D:5 %   Lair:1 [?[


Innate Abilities, Weirdness & Mutations

You cannot wear boots.
Your serpentine skin is tough. (AC +4)
You have supernaturally acute eyesight. (SInv)
Armour fits poorly on your strangely shaped body.
Your system is resistant to poisons. (rPois)
You cover ground very slowly.
You have a slow metabolism.
You can spit poison.


Message History

The 14-headed hydra bites you but does no damage. x2
You block the 14-headed hydra's attack.
The 14-headed hydra completely misses you.
The 14-headed hydra bites you but does no damage.
The 14-headed hydra bites you.
The 14-headed hydra bites you but does no damage. x2
The 14-headed hydra bites you!
The 14-headed hydra completely misses you.
The 14-headed hydra barely misses you.
You hit the 14-headed hydra.
The 14-headed hydra is lightly wounded.
You block the 14-headed hydra's attack.
The 14-headed hydra bites you but does no damage.
You block the 14-headed hydra's attack. x2
The 14-headed hydra bites you but does no damage. x3
The 14-headed hydra bites you.
The 14-headed hydra bites you but does no damage.
The 14-headed hydra barely misses you. The 14-headed hydra bites you!
You die...
Your body crumbles into a pile of gold.

.............#
...........#.##
......#.###...##
..../#### ###..#
......# #..#
......# ##.#####
# ......####
#..#.P##.#
.........##
#.[.....####
..........#
#...@......#
..........#
#.....D......
..........#
##..........)
..........#
#...........
#.........#
#......>....
##........#
#..)........
#........#
#...........
##......##
#...........
#.......#


You could see a 14-headed hydra.

Vanquished Creatures
  Azrael (Orc:2)
  Erica (Orc:1)
  A two-headed ogre (D:9)
  The ghost of happinesssam the Fighter, a novice HOHu of Okawaru (D:6)
  Joseph (D:7)
  A spiny frog (Lair:1)
  A troll (Orc:2)
  2 hippogriffs
  Sigmund (D:2)
  3 wyverns (D:9)
  28 yaks
  2 fire elementals (Orc:2)
  A warg (Orc:2)
  3 water moccasins (Lair:1)
  2 hell hounds (Orc:2)
  2 ice beasts (D:7)
  11 orc warriors
  Purgy (Sewer)
  3 sky beasts (D:9)
  2 phantoms
  3 necrophages
  9 ogres
  5 wolves (Lair:1)
  3 centaurs
  6 crocodiles
  2 big kobolds
  5 bullfrogs
  2 scorpions (D:9)
  10 killer bees
  5 wights (D:10)
  2 howler monkeys (D:10)
  2 crimson imps
  A bullfrog zombie (D:11)
  3 bullfrog skeletons
  2 hounds
  An iron imp (D:7)
  11 orc priests
  4 jellies
  12 orc wizards
  A centaur skeleton (D:11)
  2 iguanas
  5 worker ants
  A hound zombie (D:6)
  A hound skeleton (D:6)
  A worker ant zombie (D:6)
  A howler monkey zombie (D:6)
  4 gnolls (D:7)
  14 adders
  3 shadow imps
  An adder zombie (D:6)
  4 worms
  4 dart slugs
  9 leopard geckos
  86 orcs
  7 giant cockroaches
  9 goblins
  9 hobgoblins
  7 jackals
  7 kobolds
  4 quokkas
  A ball python (D:4)
  A ball python skeleton (D:6)
  11 bats
  5 frilled lizards
  A jackal skeleton (D:8)
  11 rats
366 creatures vanquished.

Vanquished Creatures (others)
  An orc wizard (Orc:1)
1 creature vanquished.

Grand Total: 367 creatures vanquished

Notes
Turn   | Place    | Note
-------+----------+-------------------------------------------
     0 | D:1      | Duffy the Naga Fighter began the quest for the Orb.
     0 | D:1      | Reached XP level 1. HP: 21/21 MP: 1/1
   277 | D:1      | Reached XP level 2. HP: 27/28 MP: 2/2
  1083 | D:2      | Noticed Sigmund
  1375 | D:2      | Killed Sigmund
  1375 | D:2      | Reached skill level 4 in Axes
  1375 | D:2      | Reached XP level 3. HP: 13/34 MP: 3/3
  1375 | D:2      | Reached XP level 4. HP: 17/42 MP: 4/4
  1375 | D:2      | Reached XP level 5. HP: 20/49 MP: 5/5
  1912 | D:2      | Reached XP level 6. HP: 48/56 MP: 6/6
  2463 | D:3      | Found a glowing drain.
  2476 | Sewer    | Entered a sewer
  2532 | Sewer    | Noticed Purgy
  2551 | Sewer    | Killed Purgy
  2551 | Sewer    | Reached skill level 5 in Axes
  3054 | D:3      | Reached XP level 7. HP: 62/62 MP: 7/7
  3805 | D:5      | Entered Level 5 of the Dungeon
  3881 | D:5      | Reached skill level 5 in Shields
  4094 | D:5      | Found Zitsyvak's Food Boutique.
  4380 | D:5      | Reached skill level 6 in Axes
  4726 | D:5      | Reached XP level 8. HP: 50/69 MP: 8/8
  5376 | D:6      | Noticed a yak
  5377 | D:6      | Noticed a yak
  5379 | D:6      | Noticed a yak
  5389 | D:6      | Killed a yak
  5389 | D:6      | Reached skill level 7 in Axes
  5392 | D:6      | Killed a yak
  5395 | D:6      | Killed a yak
  5651 | D:6      | Found a runed gate.
  5651 | D:6      | Noticed happinesssam's ghost (novice HOHu)
  5652 | D:6      | Found a runed gate.
  5652 | D:6      | Identified the +6 plate armour "Haocw" {rF+ Regen+}
  5653 | D:6      | Found a runed gate.
  5653 | D:6      | Found a roughly hewn altar of Beogh.
  5758 | D:6      | Reached skill level 8 in Axes
  5938 | D:6      | Reached XP level 9. HP: 57/75 MP: 9/9
  6575 | D:7      | Found a staircase to the Ecumenical Temple.
  6584 | Temple   | Entered the Ecumenical Temple
  6831 | Temple   | Became a worshipper of Gozag Ym Sagoz the Greedy
  6940 | D:7      | Reached skill level 9 in Axes
  6988 | D:7      | Found a snail-covered altar of Cheibriados.
  7512 | D:7      | Noticed Joseph
  7536 | D:7      | Killed Joseph
  8345 | D:8      | Found a sacrificial altar of Ru.
  8355 | D:8      | Reached skill level 1 in Evocations
  8513 | D:8      | Found a white marble altar of Elyvilon.
  8805 | D:9      | Found Liequ's Jewellery Shoppe.
  8836 | D:9      | Reached XP level 10. HP: 44/84 MP: 11/11
  8971 | D:9      | Reached skill level 10 in Axes
 10286 | D:9      | Found a staircase to the Orcish Mines.
 10428 | D:9      | Noticed a two-headed ogre
 10436 | D:9      | Killed a two-headed ogre
 10640 | D:9      | Reached skill level 5 in Evocations
 11633 | D:6      | Killed happinesssam's ghost
 11824 | D:10     | Entered Level 10 of the Dungeon
 11856 | D:9      | Reached skill level 5 in Fighting
 11856 | D:9      | Reached XP level 11. HP: 93/93 MP: 15/15
 12249 | D:10     | Reached skill level 5 in Armour
 13168 | D:11     | Found a staircase to the Lair.
 14040 | Orc:1    | Entered Level 1 of the Orcish Mines
 14095 | Orc:1    | Found a burning altar of Makhleb.
 14183 | Orc:1    | You fall through a shaft!
 14183 | Orc:2    | Entered Level 2 of the Orcish Mines
 14348 | Orc:1    | Noticed Erica
 14359 | Orc:1    | Killed Erica
 14359 | Orc:1    | Reached XP level 12. HP: 82/107 MP: 16/16
 14604 | Orc:2    | Found a staircase to the Elven Halls.
 14645 | Orc:2    | Noticed Azrael
 14668 | Orc:2    | Killed Azrael
 15020 | Lair:1   | Entered Level 1 of the Lair of Beasts
 15137 | Lair:1   | Identified a scroll of acquirement
 15182 | Lair:1   | Bought a shiny shield for 195 gold pieces
 15182 | Lair:1   | Bought a pair of glowing gloves for 195 gold pieces
 15219 | Lair:1   | Bought a scroll of fog for 24 gold pieces
 15219 | Lair:1   | Bought a scroll of magic mapping for 42 gold pieces
 15219 | Lair:1   | Bought a scroll of identify for 24 gold pieces
 15219 | Lair:1   | Bought a scroll of identify for 24 gold pieces
 15219 | Lair:1   | Bought a scroll of identify for 24 gold pieces
 15219 | Lair:1   | Bought a scroll of identify for 24 gold pieces
 15219 | Lair:1   | Bought a scroll of magic mapping for 42 gold pieces
 15219 | Lair:1   | Bought a scroll of teleportation for 36 gold pieces
 15219 | Lair:1   | Bought a scroll of fear for 42 gold pieces
 15219 | Lair:1   | Bought a scroll of teleportation for 36 gold pieces
 15734 | Lair:1   | Noticed an eight-headed hydra
 15744 | Lair:1   | Slain by a 14-headed hydra

Vault maps used:
D:1:      dpeg_arrival_court
D:2:      uniq_sigmund
D:3:      cheibrodos_sewer_entry_bend
D:4:      hangedman_decor_growths
D:5:      first_ration, serial_shops, shop
D:6:      cheibrodos_barr_body, biasface_ghost_orc_armoury, wad_floor_pattern_2
D:7:      slow_altar_1, minmay_temple_entry_mini_moons, uniq_joseph
D:8:      basic_altar, blue_anna_alchemist, nicolae_ru_awakened_eye
D:9:      hiddenorc2_lemuel, serial_shops, shop
D:11:     lair_entry_dummy
Temple:   roderic_octagonal_lattice_temple
Lair:1:   serial_bayou_shore_b
Orc:1:    bloody_makhleb, uniq_erica
Orc:2:    kennysheep_orc_mage_school, uniq_azrael
Sewer:    sewer_big_baddie

Skill      XL: |  1  2  3  4  5  6  7  8  9 10 11 12 |
---------------+-------------------------------------+-----
Axes           | 4 5 6 8 9 10 | 10.8
Shields        | 4 5 7 8 9 |  9.0
Evocations     | 1 5 6 |  6.0
Armour         | 4 7 8 |  8.2
Fighting       | 5 7 8 |  8.3

Action                   |  1- 3 |  4- 6 |  7- 9 | 10-12 || total
-------------------------+-------+-------+-------+-------++-------
Melee: War axe           |    53 |   256 |   394 |   975 ||  1678
Invok: Call Merchant     |       |       |       |     3 ||     3
 Abil: Spit Poison       |     8 |     6 |    22 |    11 ||    47
Evoke: Wand              |       |       |     1 |    11 ||    12
  Use: Scroll            |       |       |     9 |    12 ||    21
       Potion            |       |       |     2 |     2 ||     4
 Stab: Confused          |       |       |     3 |       ||     3
       Distracted        |       |       |       |     7 ||     7
  Eat: Chunk             |     1 |     5 |    10 |       ||    16
       Ration            |       |       |     3 |     6 ||     9
Armor: Scale mail        |     9 |       |       |       ||     9
       Chain mail        |    10 |   185 |   151 |    99 ||   445
       Skin              |       |       |     4 |       ||     4
       Plate armour      |       |       |       |   344 ||   344
Dodge: Dodged            |    14 |    36 |    56 |   134 ||   240
Block: Shield            |    21 |   181 |   208 |   558 ||   968

Table legend:
 A = Non-vault XP
 B = Vault XP
 C = Vault XP percentage of total XP
 D = Non-vault monster count
 E = Vault monster count
 F = Vault count percentage of total count
                 A         B        C        D         E       F
            +---------+---------+-------+---------+---------+-------
      Total |   17276 |    5981 |  25.7 |     293 |      73 |  19.9
            +---------+---------+-------+---------+---------+-------
        D:1 |      32 |       0 |   0.0 |      18 |       0 |   0.0
        D:2 |      96 |     238 |  71.3 |      33 |       1 |   2.9
        D:3 |     123 |       5 |   3.9 |      31 |       1 |   3.1
        D:4 |      45 |       0 |   0.0 |       5 |       0 |   0.0
        D:5 |     671 |       0 |   0.0 |      21 |       0 |   0.0
        D:6 |     971 |    1845 |  65.5 |      20 |      24 |  54.5
        D:7 |     476 |     545 |  53.4 |      13 |       2 |  13.3
        D:8 |     313 |     100 |  24.2 |       6 |       1 |  14.3
        D:9 |    3681 |     250 |   6.4 |      38 |      32 |  45.7
       D:10 |    4898 |       0 |   0.0 |      52 |       0 |   0.0
       D:11 |    2952 |       0 |   0.0 |      28 |       0 |   0.0
     Lair:1 |    2078 |       0 |   0.0 |      15 |       0 |   0.0
      Orc:1 |     374 |     939 |  71.5 |      10 |       1 |   9.1
      Orc:2 |     566 |    1921 |  77.2 |       3 |       5 |  62.5
      Sewer |       0 |     138 | 100.0 |       0 |       6 | 100.0
            +---------+---------+-------+---------+---------+-------
